AAA EAST
FLORIDA FIRE FROGS @ TOLEDO MUD HENS
08/16/2041
 
TOP OF THE 1ST
Florida Fire Frogs batting - Pitching for Toledo Mud Hens : RHP Iván Alemán
Pitching: RHP Iván Alemán
Batting: RHB Alex Kaufman 0-0: Ball
1-0: Swinging Strike
1-1: Swinging Strike
1-2: Foul Ball, location: 23F
1-2: Strikes out swinging
Batting: SHB Juan Arroyo 0-0: Called Strike
0-1: Foul Ball, location: 2F
0-2: Ball
1-2: Foul Ball, location: 2F
1-2: Ball
2-2: Foul Ball, location: 25FF
2-2: Ball
3-2: Foul Ball, location: 2F
3-2: Base on Balls
Batting: LHB Juan Pimentero 0-0: Ball
1-0: Ball
2-0: Foul Ball, location: 7LMF
2-1: Fly out, F8 (Line Drive, 8RS, EV 92.5 MPH)
Batting: LHB Nicodemo Colonnese 0-0: Foul Ball, location: 2F
0-1: Ball
1-1: Ball
2-1: Ball
3-1: Fly out, F5 (Popup, 56S, EV 74.4 MPH)
Top of the 1st over - 0 runs, 0 hits, 0 errors, 1 left on base; Florida 0 - Toledo 0
BOTTOM OF THE 1ST
Toledo Mud Hens batting - Pitching for Florida Fire Frogs : RHP Orlando Miranda
Pitching: RHP Orlando Miranda
Batting: RHB Jesús Barajas 0-0: Ground out 6-3 (Groundball, 6, EV 81.9 MPH)
Batting: LHB Jon Bray 0-0: Ball
1-0: Ball
2-0: Called Strike
2-1: SOLO HOME RUN (Flyball, 89XD, EV 108.1 MPH), Distance : 422 ft
Batting: LHB Eric Mason 0-0: Ball
1-0: Ball
2-0: Called Strike
2-1: Fly out, F7 (Flyball, 7LM, EV 100.0 MPH)
Batting: LHB Kevin Badger 0-0: Foul Ball, location: 3F
0-1: Ground out 4-3 (Groundball, 34, EV 93.8 MPH)
Bottom of the 1st over - 1 run, 1 hit, 0 errors, 0 left on base; Florida 0 - Toledo 1
TOP OF THE 2ND
Florida Fire Frogs batting - Pitching for Toledo Mud Hens : RHP Iván Alemán
Batting: RHB Jorge García 0-0: Ground out 6-3 (Groundball, 6, EV 90.6 MPH)
Batting: LHB Eric Vásquez 0-0: Called Strike
0-1: Foul Ball, location: 5SF
0-2: Ball
1-2: Ball
2-2: Strikes out swinging
Batting: RHB Waggoner Jahnet 0-0: Called Strike
0-1: Ball
1-1: Fly out, F8 (Flyball, 89D, EV 91.3 MPH)
Top of the 2nd over - 0 runs, 0 hits, 0 errors, 0 left on base; Florida 0 - Toledo 1
BOTTOM OF THE 2ND
Toledo Mud Hens batting - Pitching for Florida Fire Frogs : RHP Orlando Miranda
Batting: RHB Tache Grigore 0-0: Fly out, F4 (Popup, 23, EV 88.8 MPH)
Batting: SHB Loc Dang 0-0: Called Strike
0-1: Fly out, F7 (Flyball, 78D, EV 91.9 MPH)
Batting: SHB Mario Cortéz 0-0: Ball
1-0: Reached on error, E3 (Groundball, 3L, EV 84.4 MPH)
Batting: RHB Don Lewis 0-0: Foul Ball, location: 9LSF
0-1: Swinging Strike
0-2: Fly out, F7 (Line Drive, 78M, EV 106.3 MPH)
Bottom of the 2nd over - 0 runs, 0 hits, 1 error, 1 left on base; Florida 0 - Toledo 1
TOP OF THE 3RD
Florida Fire Frogs batting - Pitching for Toledo Mud Hens : RHP Iván Alemán
Batting: RHB Ed Walker 0-0: Ball
1-0: Ground out 4-3 (Groundball, 4, EV 81.3 MPH)
Batting: RHB Alfredo Mendoza 0-0: Called Strike
0-1: Foul Ball, location: 2F
0-2: Ball
1-2: Foul Ball, location: 3F
1-2: Ball
2-2: Strikes out swinging
Batting: RHB Alex Kaufman 0-0: Fly out, F5 (Line Drive, 5L, EV 69.4 MPH)
Top of the 3rd over - 0 runs, 0 hits, 0 errors, 0 left on base; Florida 0 - Toledo 1
BOTTOM OF THE 3RD
Toledo Mud Hens batting - Pitching for Florida Fire Frogs : RHP Orlando Miranda
Batting: RHB William Beauvais 0-0: Swinging Strike
0-1: Foul Ball, location: 5F
0-2: Foul Ball, location: 9LSF
0-2: Ball
1-2: Ball
2-2: Strikes out swinging
Batting: RHB Jesús Barajas 0-0: SINGLE (Groundball, 6MD, EV 110.0 MPH)
Batting: LHB Jon Bray 0-0: Ball
1-0: Foul Ball, location: 2F
1-1: Ball
Jesús Barajas is caught stealing 2nd base 2-6
2-1: Ball
3-1: Base on Balls
Batting: LHB Eric Mason 0-0: Called Strike
Jon Bray steals 2nd base
0-1: Called Strike
0-2: Ball
1-2: Ball
2-2: Foul Ball, location: 2F
2-2: Ball
3-2: Foul Ball, location: 3F
3-2: Base on Balls
Batting: LHB Kevin Badger 0-0: Foul Ball, location: 2F
0-1: Ball
1-1: Foul Ball, location: 7LMF
1-2: Ball
2-2: SINGLE (Groundball, 6MD, EV 101.9 MPH) (infield hit)
Jon Bray to third
Eric Mason to second
Batting: RHB Tache Grigore 0-0: Ball
1-0: Ball
2-0: Called Strike
2-1: DOUBLE (Flyball, 78XD, EV 95.0 MPH)
Jon Bray scores
Eric Mason scores
Kevin Badger to third
Batting: SHB Loc Dang 0-0: Foul Ball, location: 7LMF
0-1: Called Strike
0-2: DOUBLE (Groundball, 3L, EV 98.1 MPH)
Kevin Badger scores
Tache Grigore scores
Batting: SHB Mario Cortéz 0-0: Foul Ball, location: 25F
0-1: Foul Ball, location: 3F
0-2: Ball
1-2: Strikes out swinging
Bottom of the 3rd over - 4 runs, 4 hits, 0 errors, 1 left on base; Florida 0 - Toledo 5
TOP OF THE 4TH
Florida Fire Frogs batting - Pitching for Toledo Mud Hens : RHP Iván Alemán
Batting: SHB Juan Arroyo 0-0: Called Strike
0-1: Ball
1-1: Foul Ball, location: 5DF
1-2: Foul Ball, location: 3F
1-2: Foul Ball, location: 7LSF
1-2: Ground out 4-3 (Groundball, 4, EV 88.1 MPH)
Batting: LHB Juan Pimentero 0-0: Foul Ball, location: 2F
0-1: Foul Ball, location: 25F
0-2: Strikes out swinging
Batting: LHB Nicodemo Colonnese 0-0: Swinging Strike
0-1: Called Strike
0-2: Foul Ball, location: 2F
0-2: Foul Ball, location: 9LSF
0-2: Strikes out swinging
Top of the 4th over - 0 runs, 0 hits, 0 errors, 0 left on base; Florida 0 - Toledo 5
BOTTOM OF THE 4TH
Toledo Mud Hens batting - Pitching for Florida Fire Frogs : RHP Orlando Miranda
Batting: RHB Don Lewis 0-0: Ground out 6-3 (Groundball, 6, EV 101.9 MPH)
Batting: RHB William Beauvais 0-0: Called Strike
0-1: Swinging Strike
0-2: Hit by Pitch
Pitching: RHP Lonnie Mills
Batting: RHB Jesús Barajas 0-0: Ball
1-0: Ball
2-0: Called Strike
2-1: Ball
3-1: Base on Balls
William Beauvais to second
Batting: LHB Jon Bray 0-0: Foul Ball, location: 9LSFF
0-1: Ball
1-1: Ball
2-1: Ball
3-1: Fielders Choice at 2nd, 6-4 (Groundball, 56, EV 100.6 MPH)
William Beauvais to third
Batting: LHB Eric Mason 0-0: Swinging Strike
0-1: Ball
1-1: Fly out, F8 (Flyball, 8RS, EV 91.9 MPH)
Bottom of the 4th over - 0 runs, 0 hits, 0 errors, 2 left on base; Florida 0 - Toledo 5
TOP OF THE 5TH
Florida Fire Frogs batting - Pitching for Toledo Mud Hens : RHP Iván Alemán
Batting: RHB Jorge García 0-0: Ball
1-0: Foul Ball, location: 2F
1-1: Called Strike
1-2: TRIPLE (Groundball, 5L, EV 107.5 MPH)
Batting: LHB Eric Vásquez 0-0: Foul Ball, location: 2RF
0-1: DOUBLE (Line Drive, 9LS, EV 110.6 MPH)
Jorge García scores
Batting: RHB Waggoner Jahnet 0-0: Ball
1-0: Called Strike
1-1: Foul Ball, location: 25FF
1-2: Ball
2-2: Fly out, F3 (Popup, 3, EV 69.4 MPH)
Batting: RHB Ed Walker 0-0: Called Strike
0-1: Foul Ball, location: 2F
0-2: Strikes out swinging
Batting: RHB Alfredo Mendoza 0-0: Ball
1-0: Foul Ball, location: 3F
1-1: Ball
2-1: Ball
3-1: SINGLE (Line Drive, 78M, EV 104.4 MPH)
Eric Vásquez to third
Runner from 3rd tries for Home, throw by CF and OUT! 8-2
Top of the 5th over - 1 run, 3 hits, 0 errors, 1 left on base; Florida 1 - Toledo 5
BOTTOM OF THE 5TH
Toledo Mud Hens batting - Pitching for Florida Fire Frogs : RHP Lonnie Mills
Batting: LHB Kevin Badger 0-0: Called Strike
0-1: Foul Ball, location: 7LSF
0-2: Foul Ball, location: 2F
0-2: Ball
1-2: Strikes out swinging
Batting: RHB Tache Grigore 0-0: Fly out, F8 (Flyball, 8RXD, EV 94.4 MPH)
Batting: SHB Loc Dang 0-0: Ball
1-0: DOUBLE (Groundball, 5L, EV 108.1 MPH)
Batting: SHB Mario Cortéz 0-0: Ball
1-0: Ball
2-0: Foul Ball, location: 3F
2-1: Called Strike
2-2: SINGLE (Groundball, 6S, EV 67.5 MPH) (infield hit)
Loc Dang to third
Batting: RHB Don Lewis 0-0: Ball
Mario Cortéz steals 2nd base
1-0: Ball
2-0: Ball
3-0: Called Strike
3-1: Base on Balls
Batting: RHB William Beauvais 0-0: Called Strike
0-1: Foul Ball, location: 2F
0-2: Ball
1-2: Foul Ball, location: 2F
1-2: Ball
2-2: SINGLE (Line Drive, 34, EV 97.5 MPH)
Loc Dang scores
Mario Cortéz to third
Don Lewis to second
Runner from 3rd tries for Home, SAFE, throw by RF to home
Batting: RHB Jesús Barajas 0-0: Foul Ball, location: 25F
0-1: Called Strike
0-2: Strikes out looking
Bottom of the 5th over - 2 runs, 3 hits, 0 errors, 2 left on base; Florida 1 - Toledo 7
TOP OF THE 6TH
Florida Fire Frogs batting - Pitching for Toledo Mud Hens : RHP Iván Alemán
Pitching: RHP Jeff Hill
Batting: RHB Alex Kaufman 0-0: Called Strike
0-1: Ball
1-1: Ball
2-1: SINGLE (Groundball, 56D, EV 102.5 MPH)
Batting: SHB Juan Arroyo 0-0: Ball
Alex Kaufman is caught stealing 2nd base 2-6
1-0: Called Strike
1-1: Ball
2-1: Ball
3-1: Base on Balls
Batting: LHB Juan Pimentero 0-0: Ball
1-0: Ball
2-0: Called Strike
2-1: Foul Ball, location: 2F
2-2: Grounds into double play, 4-6-3 (Groundball, 4D, EV 105.0 MPH)
Top of the 6th over - 0 runs, 1 hit, 0 errors, 0 left on base; Florida 1 - Toledo 7
BOTTOM OF THE 6TH
Toledo Mud Hens batting - Pitching for Florida Fire Frogs : RHP Lonnie Mills
Batting: LHB Jon Bray 0-0: Ball
1-0: Fly out, F1 (Popup, P, EV 73.8 MPH)
Batting: LHB Eric Mason 0-0: Foul Ball, location: 7LMF
0-1: Ball
1-1: Ball
2-1: Swinging Strike
2-2: SINGLE (Groundball, 4MD, EV 104.4 MPH)
Batting: LHB Kevin Badger 0-0: Called Strike
0-1: Ball
1-1: SINGLE (Groundball, P, EV 102.5 MPH) (infield hit)
Eric Mason to second
Batting: RHB Tache Grigore 0-0: Ball
1-0: Called Strike
1-1: Called Strike
1-2: Strikes out swinging
Batting: SHB Loc Dang 0-0: Ball
1-0: Ground out 4-3 (Groundball, 4S, EV 80.0 MPH)
Bottom of the 6th over - 0 runs, 2 hits, 0 errors, 2 left on base; Florida 1 - Toledo 7
TOP OF THE 7TH
Florida Fire Frogs batting - Pitching for Toledo Mud Hens : RHP Jeff Hill
Batting: LHB Nicodemo Colonnese 0-0: Fly out, F7 (Flyball, 7S, EV 95.6 MPH)
Batting: RHB Jorge García 0-0: Called Strike
0-1: Ground out 6-3 (Groundball, 6S, EV 76.3 MPH)
Batting: LHB Eric Vásquez 0-0: Called Strike
0-1: Ball
1-1: Ball
2-1: Fly out, F9 (Flyball, 89M, EV 74.4 MPH)
Top of the 7th over - 0 runs, 0 hits, 0 errors, 0 left on base; Florida 1 - Toledo 7
BOTTOM OF THE 7TH
Toledo Mud Hens batting - Pitching for Florida Fire Frogs : RHP Lonnie Mills
Batting: SHB Mario Cortéz 0-0: Fly out, F7 (Flyball, 7, EV 89.4 MPH)
Batting: RHB Don Lewis 0-0: Ball
1-0: Swinging Strike
1-1: Ball
2-1: Foul Ball, location: 2F
2-2: Ball
3-2: Fly out, F5 (Line Drive, 5L, EV 69.4 MPH)
Batting: RHB William Beauvais 0-0: Called Strike
0-1: Called Strike
0-2: Ball
1-2: Ball
2-2: Ball
3-2: Fly out, F8 (Flyball, 8LXD, EV 90.0 MPH)
Bottom of the 7th over - 0 runs, 0 hits, 0 errors, 0 left on base; Florida 1 - Toledo 7
TOP OF THE 8TH
Florida Fire Frogs batting - Pitching for Toledo Mud Hens : RHP Jeff Hill
Batting: RHB Waggoner Jahnet 0-0: Ball
1-0: Foul Ball, location: 9LMF
1-1: Swinging Strike
1-2: Ball
2-2: Ball
3-2: Ground out 6-3 (Groundball, 6, EV 83.8 MPH)
Batting: RHB Ed Walker 0-0: Ground out 5-3 (Groundball, 56, EV 83.8 MPH)
Batting: RHB Alfredo Mendoza 0-0: Ball
1-0: Swinging Strike
1-1: Called Strike
1-2: Strikes out looking
Top of the 8th over - 0 runs, 0 hits, 0 errors, 0 left on base; Florida 1 - Toledo 7
BOTTOM OF THE 8TH
Toledo Mud Hens batting - Pitching for Florida Fire Frogs : RHP Lonnie Mills
Batting: RHB Jesús Barajas 0-0: Ball
1-0: Called Strike
1-1: Called Strike
1-2: Ball
2-2: Foul Ball, location: 2F
2-2: Foul Ball, location: 9LMF
2-2: Foul Ball, location: 7LSF
2-2: Ball
3-2: Strikes out swinging
Pitching: LHP Jerrome Simmons
Batting: LHB Jon Bray 0-0: Swinging Strike
0-1: SOLO HOME RUN (Flyball, 9D, EV 101.9 MPH), Distance : 378 ft
Batting: LHB Eric Mason 0-0: Ball
1-0: SINGLE (Line Drive, 34D, EV 97.5 MPH)
Batting: LHB Kevin Badger 0-0: Foul Ball, location: 3SF
0-1: Ball
1-1: Ball
2-1: Swinging Strike
2-2: Foul Ball, location: 7LSF
2-2: Ball
3-2: Foul Ball, location: 3DF
3-2: Fly out, F8 (Line Drive, 8LM, EV 88.1 MPH)
Batting: RHB Tache Grigore 0-0: Ball
1-0: Ball
2-0: Ball
3-0: Base on Balls
Eric Mason to second
Batting: SHB Loc Dang 0-0: Foul Ball, location: 2F
0-1: Ball
1-1: Ball
2-1: Ball
3-1: Base on Balls
Eric Mason to third
Tache Grigore to second
Batting: SHB Mario Cortéz 0-0: Called Strike
0-1: Called Strike
0-2: TRIPLE (Line Drive, 89XD, EV 105.6 MPH)
Eric Mason scores
Tache Grigore scores
Loc Dang scores
Pitching: RHP Políbio Dagoa
Batting: RHB Don Lewis 0-0: Ball
1-0: Called Strike
1-1: Ball
2-1: Foul Ball, location: 9LSF
2-2: Ball
3-2: Ground out 1-3 (Groundball, 13, EV 66.3 MPH)
Bottom of the 8th over - 4 runs, 3 hits, 0 errors, 1 left on base; Florida 1 - Toledo 11
TOP OF THE 9TH
Florida Fire Frogs batting - Pitching for Toledo Mud Hens : RHP Jeff Hill
Pinch Hitting: SHB Dave Williams 0-0: Ball
1-0: Called Strike
1-1: Foul Ball, location: 3F
1-2: Ball
2-2: Foul Ball, location: 3F
2-2: Ball
3-2: Ground out 5-3 (Groundball, 5L, EV 90.6 MPH)
Batting: SHB Juan Arroyo 0-0: Ball
1-0: Foul Ball, location: 7LDF
1-1: Ground out U3 (Groundball, 3, EV 87.5 MPH)
Batting: LHB Juan Pimentero 0-0: Foul Ball, location: 7LMF
0-1: Swinging Strike
0-2: Ball
1-2: Ball
2-2: Strikes out swinging
Top of the 9th over - 0 runs, 0 hits, 0 errors, 0 left on base; Florida 1 - Toledo 11
Monday, April 1st , 2024 - OOTP Baseball 24.10 Build 82